 Dungeon Crawl Stone Soup version 0.18-a0-1273-g8ec5f8e (webtiles) character file.

234 M4edhros the Sneak (level 6, 0/38 HPs)
             Began as an Octopode Artificer on Feb 8, 2016.
             Killed themself with a badly aimed fireball (11 damage)
             ... on level 4 of the Dungeon.
             The game lasted 00:03:12 (2339 turns).

M4edhros the Sneak (Octopode Artificer)             Turns: 2339, Time: 00:03:12

Health: 0/38       AC:  1    Str: 10    XL:     6   Next: 5%
Magic:  9/9        EV: 14    Int: 16    God:
Gold:   96         SH:  0    Dex: 13    Spells: 0 memorised, 5 levels left

rFire  . . .     SeeInvis .     a - +0 short sword
rCold  . . .     Gourm    .     (no shield)
rNeg   . . .     Faith    .     j - +0 hat
rPois  .         Spirit   .     (no amulet)
rElec  .         Dismiss  .     m - ring of teleportation (curse)
rCorr  .         Reflect  .     (no ring)
SustAt .         Harm     .     (no ring)
MR     .....     Rnd*Tele +     (no ring)
Stlth  ++++......               (no ring)
                                (no ring)
                                (no ring)
                                (no ring)

@: not resistant to hostile enchantments, stealthy
A: almost no armour, amphibious, 8 rings, constrict 8, camouflage 1, gelatinous
body 1
a: no special abilities


You were on level 4 of the Dungeon.
You were not hungry.

You visited 1 branch of the dungeon, and saw 4 of its levels.

You collected 96 gold pieces.

Inventory:

Hand Weapons
 a - a +0 short sword (weapon)
Missiles
 e - 54 stones (quivered)
Armour
 j - a +0 hat (worn)
Jewellery
 m - a cursed ring of teleportation (left tentacle)
Wands
 b - a wand of flame (14/48)
 c - a wand of enslavement (11/24)
 d - a wand of random effects (9/48)
Scrolls
 g - 2 scrolls of enchant weapon {unknown}
 h - a scroll of identify {unknown}
 k - a scroll of immolation {unknown}
 l - a scroll of remove curse {unknown}
 n - a scroll of magic mapping {unknown}
Potions
 p - a potion of degeneration {unknown}
Comestibles
 f - 3 bread rations
 i - a slice of pizza
 o - 2 chunks of flesh


   Skills:
 - Level 1.0 Fighting
 - Level 1.0 Short Blades
 * Level 4.2 Dodging
 * Level 5.3 Stealth
 + Level 4.2 Evocations


You had 5 spell levels left.
You didn't know any spells.

Dungeon Overview and Level Annotations

Branches:
Dungeon (4/15)
 Temple: D:4-7

Altars:
Fedhas

Annotations:
D:3 M4edhros's ghost, amateur OpAr
D:4 exclusion: phantom, Edmund


Innate Abilities, Weirdness & Mutations

You cannot wear most types of armour.
You are amphibious.
You can wear up to eight rings at the same time.
You can use your tentacles to constrict eight enemies at once.
Your skin changes colour to match your surroundings (Stealth).
Your rubbery body absorbs attacks (AC +1).


Message History

Press: ? - help, Shift-Dir - straight line, f/p - Edmund
Aim: Edmund, wielding a flail of protection and wearing a scale mail (moderately wounded, constricted by you, fast, lightly drained)
The bolt of negative energy hits Edmund.
Edmund is drained!
Edmund is heavily wounded.
This wand has 9 charges left.
You constrict Edmund, but do no damage.
Edmund hits you with a flail of protection.
You hit Edmund.
Edmund is heavily wounded.
You constrict Edmund.
Edmund hits you with a flail of protection!
* * * LOW HITPOINT WARNING * * *
Evoke which item? (* to show all) (? for menu, Esc to quit)
Zapping:
d - a wand of random effects (9/48)
Press: ? - help, Shift-Dir - straight line, f/p - Edmund
Aim: Edmund, wielding a flail of protection and wearing a scale mail (heavily wounded, constricted by you, fast, lightly drained)
The fireball explodes!
The fireball engulfs Edmund.
Edmund is severely wounded.
The fireball engulfs you!
You die...

##.<####.####
#...........
##..####.W########
#..####@.#......#
#........#.####.#
##.#####..#.####.#
#................#
#.........#.######
##.#.@@...#.#
#.#.####.#.# #.#.#
#.#.# #.#.# #.#.#
#.#.####.#.#
#.#......#+####
##.#######.....#
#........+.....#
##########.....#


You could see Edmund.

Vanquished Creatures
  A scorpion (D:3)
  An adder (D:3)
  2 oozes
  A worm (D:2)
  An orc (D:3)
  A ball python (D:1)
  A giant cockroach (D:1)
  6 goblins
  7 hobgoblins
  4 jackals
  A bat (D:3)
  A giant newt (D:1)
  5 kobolds
  3 rats
35 creatures vanquished.

Vanquished Creatures (collateral kills)
  The ghost of M4edhros the Sneak, an amateur OpAr (D:4)
  A phantom (D:4)
2 creatures vanquished.

Vanquished Creatures (others)
  2 jackals (D:3)
2 creatures vanquished.

Grand Total: 39 creatures vanquished

Notes
Turn   | Place    | Note
--------------------------------------------------------------
     0 | D:1      | M4edhros the Octopode Artificer began the quest for the Orb.
     0 | D:1      | Reached XP level 1. HP: 13/13 MP: 3/3
   790 | D:1      | Reached XP level 2. HP: 18/18 MP: 4/4
  1180 | D:1      | Reached XP level 3. HP: 3/23 MP: 5/5
  1636 | D:3      | Noticed M4edhros's ghost (amateur OpAr)
  1953 | D:3      | Found a blossoming altar of Fedhas.
  1980 | D:3      | Noticed a scorpion
  1987 | D:3      | Killed a scorpion
  1987 | D:3      | Reached skill level 4 in Stealth
  1987 | D:3      | Reached XP level 4. HP: 15/28 MP: 6/6
  2222 | D:4      | Noticed a phantom
  2279 | D:4      | Noticed Edmund
  2280 | D:4      | Noticed M4edhros's ghost (amateur OpAr)
  2301 | D:4      | Killed M4edhros's ghost
  2301 | D:4      | Reached XP level 5. HP: 28/33 MP: 6/8
  2326 | D:4      | Killed a phantom
  2326 | D:4      | Reached skill level 5 in Stealth
  2326 | D:4      | Reached XP level 6. HP: 34/38 MP: 9/9
  2339 | D:4      | Killed themself with a badly aimed fireball

Vault maps used:
D:1:      dpeg_arrival_snail
D:2:      nicolae_overflow_crystal_walls, overflow_temple_1_default, tgw_xom,
          first_bread, minmay_tree_intersection
D:3:      overflow_temple_1_default
D:4:      overflow_temple_1_default, nemelex_xobeh_ov_fountains_minmay,
          uniq_menkaure, uniq_robin, uniq_edmund

Action                   |  1- 3 |  4- 6 || total
-------------------------+-------+-------++-------
Melee: Short sword       |    75 |    14 ||    89
Evoke: Wand              |     3 |     8 ||    11
 Stab: Distracted        |     1 |     1 ||     2
       Sleeping          |     4 |     4 ||     8
  Eat: Chunk             |     3 |     1 ||     4
